 Dungeon Crawl Stone Soup version 0.29.0-4-gdea44cf6ec (webtiles) character file.

Game seed: 1480883979816948100

223 qw the Ruffian (level 6, -3/48 HPs)
             Began as a Ghoul Fire Elementalist on Aug 29, 2022.
             Slain by Edmund
             ... wielding a +1 vorpal flail
              (13 damage)
             ... on level 4 of the Dungeon.
             The game lasted 00:02:16 (2800 turns).

qw the Ruffian (Ghoul Fire Elementalist)            Turns: 2800, Time: 00:02:17

Health: -3/48      AC: 10    Str: 14    XL:     6   Next: 0%
Magic:  7/7        EV:  6    Int: 10    God:
Gold:   92         SH:  0    Dex:  9    Spells: 7/8 levels left

rFire   . . .      SeeInvis .     - Unarmed
rCold   + . .      Faith    .   (no shield)
rNeg    + + +      Spirit   .   f - +0 chain mail
rPois   inf        Reflect  .   (no helmet)
rElec   .          Harm     .   (no cloak)
rCorr   .          Rampage  .   k - +0 pair of gloves
Will    +....                   a - +0 pair of boots
Stlth   ..........              (no amulet)
HPRegen 0.00/turn               j - ring of willpower
MPRegen 0.10/turn               (no ring)

@: inhibited regen
A: claws 1, cold resistance 1, negative energy resistance 3, inhibited
regeneration, torment resistance 2, devour on kill
a: no special abilities


You were on level 4 of the Dungeon.
You visited 1 branch of the dungeon, and saw 4 of its levels.

You collected 155 gold pieces.
You spent 63 gold pieces at shops.


Innate Abilities, Weirdness & Mutations

You are immune to poison.
You have sharp fingernails.
Your flesh is cold resistant. (rC+)
You are immune to negative energy. (rN+++)
You do not regenerate when monsters are visible.
You are immune to unholy pain and torment.
You thrive by killing the living.


   Skills:
 - Level 2.2 Fighting
 + Level 0.0 Throwing
 - Level 1.0 Armour
 - Level 1.7 Dodging
 - Level 2.1 Stealth
 - Level 5.2 Unarmed Combat
 - Level 1.7 Spellcasting
 - Level 0.7 Conjurations
 - Level 2.4 Fire Magic


You had 7 spell levels left.
You knew the following spells:

 Your Spells              Type           Power      Damage    Failure   Level
a - Foxfire               Conj/Fire      16%        2x1d4     99%         1

Your spell library contained the following spells:

 Spells                   Type           Power      Damage    Failure   Level
 Scorch                   Fire           10%        2d5       99%         2
 Conjure Flame            Conj/Fire      4%         6-21      100%        3
 Inner Flame              Hex/Fire       3%         N/A       100%        3
 Flame Wave               Conj/Fire      4%         2d5       100%        4

Inventory:

Missiles
 h - 2 javelins (quivered)
Armour
 a - a +0 pair of boots (worn)
 f - a +0 chain mail (worn)
 k - a +0 pair of gloves (worn)
Jewellery
 b - a ring of fire
 c - a ring of magical power
 j - a ring of willpower (left hand)
Potions
 e - a potion of invisibility {unknown}
 i - a potion of haste {unknown}
 l - a potion of ambrosia {unknown}
 n - a potion of mutation {unknown}

Dungeon Overview and Level Annotations

Branches:
Dungeon (4/15)
 Temple: D:4-7

Altars:
Sif Muna

Shops:
D:1 [

Annotations:
D:4 Edmund


Message History

You closely miss Edmund.
Edmund is lightly wounded.
Edmund hits you but does no damage.
You hit Edmund.
Edmund is moderately wounded.
Edmund drinks a potion.
Edmund seems to grow stronger.
You barely miss Edmund.
Edmund is moderately wounded.
Edmund barely misses you.
You hit Edmund but do no damage.
Edmund is moderately wounded.
Edmund barely misses you.
You punch Edmund!
Edmund is heavily wounded.
Edmund hits you with a +1 vorpal flail!
You closely miss Edmund.
Edmund is heavily wounded.
You barely miss Edmund.
Edmund is heavily wounded.
Edmund barely misses you.
You closely miss Edmund.
Edmund is heavily wounded.
Edmund hits you with a +1 vorpal flail.
You hit Edmund but do no damage.
Edmund is heavily wounded.
Edmund hits you but does no damage.
You hit Edmund but do no damage.
Edmund is heavily wounded.
Edmund hits you with a +1 vorpal flail!
The quokka twitches its whiskers.
You punch Edmund!
Edmund is heavily wounded.
Edmund hits you but does no damage.
You completely miss Edmund. You punch Edmund, but do no damage.
Edmund is heavily wounded.
Edmund hits you with a +1 vorpal flail.
You hit Edmund.
Edmund is severely wounded.
Edmund hits you with a +1 vorpal flail!
You die...

#.# #....# #.#.(
#.#.. ####.#.#
#.#.. ).#..#.#
#.#.###.##.#(# .##
#.#...#.##.#.#
....##.#...#.##.#r#
###.......##.##.#@#
...###)....%....@.#
....#.###.#.####..#
.....#...##.......#
#....#....######.##
##...#.....# #.#
#.###.#....# #.#
.#...###...# #>.
.#....#.###.# #..
#..<..# ##


You could see Edmund (strong) and a quokka.

Vanquished Creatures
  A black bear (D:4)
  Jessica (D:3)
  4 adders
  A dart slug (D:1)
  6 orcs (D:3)
  2 ball pythons
  6 bats
  5 endoplasms
  3 giant cockroaches (D:2)
  4 hobgoblins
  4 jackals (D:3)
  5 kobolds
  4 quokkas
  3 frilled lizards
  6 rats
55 creatures vanquished.

Notes
Turn   | Place    | Note
-------+----------+-------------------------------------------
     0 | D:1      | qw the Ghoul Fire Elementalist began the quest for the Orb.
     0 | D:1      | Reached XP level 1. HP: 14/14 MP: 2/2
     0 | D:1      | 0 ||| qw: Version: 0.1-a-90-g952f4b7
     0 | D:1      | 0 ||| qw: Game counter: 4137
     0 | D:1      | 0 ||| qw: Always use a shield: true
     0 | D:1      | 0 ||| qw: God list: Okawaru
     0 | D:1      | 0 ||| qw: Allow faded altars: false
     0 | D:1      | 0 ||| qw: Do Orc after D:15 true
     0 | D:1      | 0 ||| qw: Do second Lair branch before Depths: true
     0 | D:1      | 0 ||| qw: Lair rune preference: random
     0 | D:1      | 0 ||| qw: Plans: Normal
     0 | D:1      | 0 ||| PLANNING D:1-11
    62 | D:1      | Reached skill level 1 in Unarmed Combat
   235 | D:1      | 235 ||| Stepping ~*~*~tactically~*~*~ (hiding).
   349 | D:1      | Reached skill level 1 in Fighting
   349 | D:1      | Reached XP level 2. HP: 10/23 MP: 3/3
   662 | D:1      | Found Moidina's Armour Shop.
   671 | D:1      | 671 ||| BUYING +0 chain mail (63 gold).
   671 | D:1      | Bought a +0 chain mail for 63 gold pieces
   671 | D:1      | 671 ||| SHOPLISTING +0 helmet (63 gold, have 5).
   671 | D:1      | 671 ||| SHOPLISTING +0 pair of boots (63 gold, have 5).
   820 | D:1      | Found a faded altar of an unknown god.
   864 | D:1      | 864 ||| UPGRADING to +0 chain mail.
   874 | D:1      | 874 ||| DROPPING +0 robe.
   875 | D:1      | 875 ||| READING scroll labelled UKAXKIPRUNT.
   876 | D:1      | 876 ||| DROPPING potion of magic.
  1103 | D:2      | Reached skill level 2 in Unarmed Combat
  1103 | D:2      | Reached XP level 3. HP: 22/28 MP: 4/4
  1365 | D:2      | Identified the +1 ring mail of Wadih {rC+ rN+}
  1540 | D:2      | 1540 ||| UPGRADING to +0 pair of boots.
  1545 | D:2      | 1545 ||| UPGRADING to +0 pair of gloves.
  1550 | D:2      | 1550 ||| DROPPING +1 ring mail of Wadih {rC+ rN+}.
  1551 | D:2      | 1551 ||| UPGRADING to ring of willpower.
  1552 | D:2      | 1552 ||| READING scroll labelled KECWES DEPOTT.
  1553 | D:2      | 1553 ||| READING scroll labelled KOEMMASYZIR.
  1554 | D:2      | 1554 ||| DRINKING 2 fuming yellow potions.
  1583 | D:3      | 1583 ||| STAIRDANCE
  1698 | D:3      | 1698 ||| STAIRDANCE
  1706 | D:3      | Reached skill level 3 in Unarmed Combat
  1779 | D:3      | 1779 ||| Stepping ~*~*~tactically~*~*~ (outnumbered).
  1780 | D:3      | 1780 ||| Stepping ~*~*~tactically~*~*~ (outnumbered).
  1781 | D:3      | 1781 ||| Stepping ~*~*~tactically~*~*~ (outnumbered).
  1782 | D:3      | 1782 ||| Stepping ~*~*~tactically~*~*~ (outnumbered).
  1783 | D:3      | 1783 ||| Stepping ~*~*~tactically~*~*~ (outnumbered).
  1784 | D:3      | 1784 ||| Stepping ~*~*~tactically~*~*~ (outnumbered).
  1785 | D:3      | 1785 ||| Stepping ~*~*~tactically~*~*~ (outnumbered).
  1786 | D:3      | 1786 ||| Stepping ~*~*~tactically~*~*~ (outnumbered).
  1787 | D:3      | 1787 ||| Stepping ~*~*~tactically~*~*~ (outnumbered).
  1788 | D:3      | 1788 ||| Stepping ~*~*~tactically~*~*~ (outnumbered).
  1789 | D:3      | 1789 ||| Stepping ~*~*~tactically~*~*~ (outnumbered).
  1790 | D:3      | 1790 ||| Stepping ~*~*~tactically~*~*~ (outnumbered).
  1791 | D:3      | 1791 ||| Stepping ~*~*~tactically~*~*~ (outnumbered).
  1795 | D:3      | Reached skill level 1 in Armour
  1799 | D:3      | HP: 7/28 [orc/+0 hand axe (3)]
  1800 | D:3      | 1800 ||| DRINKING potion of heal wounds.
  1805 | D:3      | Reached XP level 4. HP: 33/35 MP: 5/5
  1955 | D:3      | 1955 ||| Stepping ~*~*~tactically~*~*~ (stealth).
  1958 | D:3      | 1958 ||| Stepping ~*~*~tactically~*~*~ (stealth).
  1963 | D:3      | 1963 ||| Stepping ~*~*~tactically~*~*~ (stealth).
  1964 | D:3      | 1964 ||| Stepping ~*~*~tactically~*~*~ (stealth).
  2172 | D:3      | Reached skill level 4 in Unarmed Combat
  2286 | D:3      | Noticed Jessica
  2292 | D:3      | Found a shimmering blue altar of Sif Muna.
  2316 | D:3      | Killed Jessica
  2317 | D:3      | Reached XP level 5. HP: 30/41 MP: 6/6
  2599 | D:3      | 2599 ||| DROPPING amulet of magic regeneration.
  2600 | D:3      | 2600 ||| READING scroll labelled RUNKECW SOETT.
  2601 | D:3      | 2601 ||| READING scroll labelled KAKKINWIKHI.
  2637 | D:4      | Noticed a black bear
  2653 | D:4      | Killed a black bear
  2654 | D:4      | Reached skill level 5 in Unarmed Combat
  2654 | D:4      | Reached XP level 6. HP: 28/48 MP: 7/7
  2782 | D:4      | Noticed Edmund
  2785 | D:4      | 2785 ||| Stepping ~*~*~tactically~*~*~ (stealth).
  2797 | D:4      | HP: 12/48 [Edmund/+1 vorpal flail (2)]
  2800 | D:4      | Slain by Edmund

Levels and vault maps discovered:
D:1:      scummos_arrival_checkerplants, layout_basic,
          dreamdust_ecumenical_altar_angels_and_demons, serial_shops,
          nicolae_lakefront_shop
D:2:      layout_basic, chequers_serial_rivers_small_a
D:3:      layout_rooms, tgw_sif, minmay_misc_feat_square
D:4:      nicolae_BIG_FREAKIN_CUBE, layout_basic, uniq_edmund, uniq_grinder

Skill      XL: |  1  2  3  4  5 |
---------------+----------------+-----
Unarmed Combat | 1 2 3 4 5 |  5.2
Fighting       | 1 2 |  2.2
Armour         | 1 |  1.0
Dodging        | |  1.7
Stealth        | |  2.1
Spellcasting   | |  1.7
Conjurations   | |  0.7
Fire Magic     | |  2.4

Action                   |  1- 3 |  4- 6 || total
-------------------------+-------+-------++-------
Melee: Unarmed           |   106 |   129 ||   235
       Punch             |     2 |     4 ||     6
Throw: Javelin           |    36 |    11 ||    47
  Use: Scroll            |     3 |     2 ||     5
       Potion            |     2 |       ||     2
Armor: Robe              |     5 |       ||     5
       Chain mail        |    63 |    77 ||   140
Dodge: Dodged            |    32 |    45 ||    77

Table legend:
 A = Non-vault XP
 B = Vault XP
 C = Vault XP percentage of total XP
 D = Non-vault monster count
 E = Vault monster count
 F = Vault count percentage of total count
                 A         B        C        D         E       F
            +---------+---------+-------+---------+---------+-------
      Total |     282 |      37 |  11.6 |      54 |       1 |   1.8
            +---------+---------+-------+---------+---------+-------
        D:1 |      16 |       0 |   0.0 |       9 |       0 |   0.0
        D:2 |      40 |       0 |   0.0 |      16 |       0 |   0.0
        D:3 |      91 |      37 |  28.9 |      27 |       1 |   3.6
        D:4 |     135 |       0 |   0.0 |       2 |       0 |   0.0
            +---------+---------+-------+---------+---------+-------
